 Dungeon Crawl Stone Soup version 0.26-a0-708-g17f3b190f9 (webtiles) character file.

Game seed: 10029892103020634338

62955 robertstho the Severer (level 14, -16/202 HPs)
             Began as a Minotaur Berserker on Oct 28, 2020.
             Was the Champion of Trog.
             Demolished by a dire elephant (24 damage)
             ... on level 6 of the Lair of Beasts.
             The game lasted 00:21:57 (17767 turns).

robertstho the Severer (Minotaur Berserker)        Turns: 17767, Time: 00:21:58

Health: -16/202    AC: 20    Str: 25    XL:     14   Next: 66%
Magic:  13/13      EV: 13    Int:  5    God:    Trog [******]
Gold:   1829       SH:  0    Dex: 11    Spells: 13/13 levels left

rFire    + . .     SeeInvis .   x - +3 war axe (flame)
rCold    + . .     Faith    .   (no shield)
rNeg     + . .     Spirit   .   N - +4 chain mail {rPois}
rPois    +         Reflect  .   w - +2 hat
rElec    .         Harm     .   B - scarf {rC+ rF+}
rCorr    .         Rampage  .   J - +0 pair of gloves
MR       +....                  (no boots)
Stlth    ..........             s - amulet of regeneration
HPRegen  0.83/turn              H - ring of flight
MPRegen  0.13/turn              y - ring of positive energy

@: berserking, slow
A: retaliatory headbutt, horns 2
a: Berserk, Trog's Hand, Brothers in Arms, Renounce Religion, Evoke Flight


You were on level 6 of the Lair of Beasts.
You worshipped Trog.
Trog was exalted by your worship.
You visited 2 branches of the dungeon, and saw 18 of its levels.

You collected 1874 gold pieces.
You spent 45 gold pieces at shops.

Inventory:

Hand Weapons
 b - a +2 vampiric hand axe
 r - a +4 antimagic battleaxe
 u - a +1 vorpal broad axe
 x - a +3 war axe of flaming (weapon)
Armour
 e - the +4 ring mail of Odeory {rN+ Int-3 Dex+4}
   (You found it on level 9 of the Dungeon)

   It affects your intelligence (-3).
   It affects your dexterity (+4).
   It protects you from negative energy.
 w - a +2 hat (worn)
 B - a scarf of resistance (worn)
 J - a +0 pair of gloves (worn)
 N - a +4 chain mail of poison resistance (worn)
Jewellery
 s - an amulet of regeneration (around neck)
 y - a ring of positive energy (right hand)
 z - an uncursed ring of poison resistance
 H - a ring of flight (left hand)
Wands
 o - a wand of iceblast (39)
 D - a wand of digging (13)
Scrolls
 c - 13 scrolls of remove curse
 f - 2 scrolls of random uselessness {unknown}
 h - 5 scrolls of teleportation {unknown}
 i - 2 scrolls of enchant armour {unknown}
 k - 2 scrolls of magic mapping {unknown}
 l - 3 scrolls of identify
 m - 3 scrolls of immolation {unknown}
 p - 2 scrolls of amnesia {unknown}
 v - 3 scrolls of enchant weapon {unknown}
 C - a scroll of blinking {unknown}
 E - 2 scrolls of fog {unknown}
 F - a scroll of silence
 G - a scroll of summoning
 I - a scroll of fear
Potions
 a - 2 potions of haste
 d - 8 potions of lignification
 g - 4 potions of might
 j - 12 potions of curing
 n - a potion of heal wounds
 q - 5 potions of flight
 t - a potion of stabbing
 A - 2 potions of berserk rage
Miscellaneous
 O - a lightning rod (4/4)


   Skills:
 * Level 15.3 Fighting
 * Level 19.0 Axes
 * Level 14.4 Armour
 * Level 10.0 Dodging
 - Level 1.1 Stealth


You had 13 spell levels left.
You didn't know any spells.
Your spell library was empty.

Dungeon Overview and Level Annotations

Branches:
Dungeon (12/15)            Temple (0/1) D:6            Lair (6/6) D:10
 Shoals (0/4) Lair:2       Spider (0/4) Lair:3        Slime (0/5) Lair:6
    Orc (0/2) D:12

Altars:
Ashenzari
Cheibriados
Gozag
Nemelex Xobeh
Ru
Uskayaw
Xom
Yredelemnul
Jiyva

Shops:
D:10 }   D:12 *

Annotations:
D:10 3 runed translucent doors, Vuocosy's ghost, journeyman HaHu
Lair:6 1 runed translucent door, Fafes's ghost, journeyman DrFE


Innate Abilities, Weirdness & Mutations

You reflexively headbutt those who attack you in melee.
You have a pair of horns on your head.


Message History

Your unstable footing causes you to fumble your attack.
The dire elephant tramples you!!
* * * LOW HITPOINT WARNING * * *
You hold your ground!
The dire elephant trunk-slaps you but does no damage.
Unknown command.
You slash the dire elephant! You burn the dire elephant.
You headbutt the dire elephant, but do no damage.
The dire elephant is almost dead.
You slash the dire elephant! You burn the dire elephant.
The dire elephant tramples you!!
* * * LOW HITPOINT WARNING * * *
You hold your ground!
The dire elephant barely misses you.
Your chain mail prevents you from hitting the dire elephant.
The dire elephant is almost dead.
You hit the dire elephant. You burn the dire elephant.
The dire elephant barely misses you. The dire elephant closely misses you.
Unknown command.
The dire elephant tramples you!!
You die...

..........♣##.#..'..##
..........##..#..'.##
.)........##.##.†###
.........###.#...#
........♣#...#8.8#
........##.####'##
#PP.....#..#≈..†##
........#.##≈≈≈..#
........#.#≈≈≈≈≈@#
........#.#.≈≈≈YY#
........#.##.≈≈≈##
..<.....#.####''#
........#.8##....
.....#..'..8#....#
....##..'.⌠.#....#
...##...'..8#?():#
........#P8###[=##


You could see 2 dire elephants.

Vanquished Creatures
  The ghost of Ruicvywi the Grappler, a journeyman OgTm of Okawaru (Lair:3)
  A dire elephant (Lair:6)
  2 boulder beetles
  6 hydras
  An anaconda (Lair:6)
  A centaur warrior (D:11)
  2 two-headed ogres
  9 death yaks
  Urug (Lair:2)
  A tengu warrior (D:12)
  Nergalle (D:10)
  A glowing orange brain (D:10)
  2 ugly things
  2 centaur zombies
  3 cyclopes
  14 elephants
  14 cane toads
  5 black mambas
  2 torpor snails
  4 rime drakes
  8 komodo dragons
  A jumping spider (Lair:3)
  2 trolls
  A hornet (D:11)
  A polar bear (Lair:6)
  6 blink frogs
  6 dream sheep (Lair:5)
  Prince Ribbit (D:5)
  9 slime creatures
  Sigmund (D:4)
  2 redbacks (Lair:3)
  10 spriggans (Lair:1)
  5 wyverns
  32 yaks
  5 basilisks
  3 wraiths
  A vampire mosquito (D:12)
  Menkaure (D:7)
  4 steam dragons
  A warg (D:12)
  30 water moccasins
  8 orc warriors
  5 black bears
  2 sky beasts (D:7)
  An eye of draining (D:11)
  2 ice beasts
  A necrophage (D:10)
  8 ogres
  4 phantoms
  16 wolves
  9 centaurs
  Blork the orc (D:4)
  2 big kobolds
  16 bullfrogs
  A water moccasin zombie (D:5)
  A wyvern skeleton (D:10)
  3 scorpions
  A water moccasin skeleton (D:9)
  7 killer bees
  3 electric eels (D:10)
  9 wights
  8 howler monkeys
  3 quasits
  3 bullfrog skeletons
  5 hounds
  9 jellies
  10 orc priests
  19 orc wizards
  A centaur skeleton (D:9)
  Crazy Yiuf (D:2)
  6 iguanas
  7 hell rats (Lair:1)
  8 worker ants
  A killer bee zombie (D:8)
  A mummy (D:4)
  3 worker ant zombies
  Robin (D:3)
  A howler monkey skeleton (D:10)
  25 adders
  A shadow imp (D:7)
  4 white imps
  An ufetubus (D:11)
  An adder skeleton (D:6)
  An adder zombie (D:8)
  A worm (D:4)
  3 dart slugs
  13 leopard geckos
  68 orcs
  4 ball pythons
  3 giant cockroaches
  14 goblins
  16 hobgoblins
  14 jackals
  5 quokkas
  10 bats
  9 frilled lizards
  A jackal skeleton (D:4)
  24 kobolds
  A leopard gecko skeleton (D:6)
  A quokka skeleton (D:8)
  10 rats
620 creatures vanquished.

Vanquished Creatures (collateral kills)
  A hydra (Lair:6)
  3 ugly things (D:10)
  A slime creature (Lair:3)
  3 elephants (Lair:6)
  A cane toad (Lair:6)
9 creatures vanquished.

Vanquished Creatures (others)
  33 fungi
  28 plants
  2 withered plants (Lair:6)
63 creatures vanquished.

Grand Total: 692 creatures vanquished

Notes
Turn   | Place    | Note
-------+----------+-------------------------------------------
     0 | D:1      | robertstho the Minotaur Berserker began the quest for the
                  | Orb.
     0 | D:1      | Reached XP level 1. HP: 19/19 MP: 0/0
   136 | D:1      | Reached skill level 4 in Axes
   136 | D:1      | Reached XP level 2. HP: 24/27 MP: 1/1
   707 | D:1      | Reached ** piety under Trog
   711 | D:1      | Reached XP level 3. HP: 30/33 MP: 2/2
  1439 | D:2      | Reached XP level 4. HP: 25/41 MP: 3/3
  1959 | D:2      | Reached skill level 5 in Axes
  2026 | D:2      | Reached skill level 1 in Stealth
  2173 | D:2      | Found a runed translucent door.
  2174 | D:2      | Noticed Crazy Yiuf
  2727 | D:2      | Killed Crazy Yiuf
  2727 | D:2      | Reached XP level 5. HP: 47/47 MP: 4/4
  2919 | D:3      | Found a sparkling altar of Nemelex Xobeh.
  2921 | D:3      | Found a broken altar of Ashenzari.
  2922 | D:3      | Found a hide-covered altar of Uskayaw.
  2941 | D:3      | Found a sacrificial altar of Ru.
  2941 | D:3      | Found an opulent altar of Gozag.
  3049 | D:3      | Found a shimmering altar of Xom.
  3074 | D:3      | Found a basalt altar of Yredelemnul.
  3211 | D:3      | Reached *** piety under Trog
  3409 | D:3      | Reached skill level 6 in Axes
  3581 | D:3      | Noticed Robin
  3592 | D:3      | Killed Robin
  3592 | D:3      | Reached XP level 6. HP: 55/55 MP: 5/5
  3945 | D:4      | Reached skill level 5 in Fighting
  4067 | D:4      | Noticed Sigmund
  4081 | D:4      | Killed Sigmund
  4081 | D:4      | Reached skill level 7 in Axes
  4268 | D:4      | Reached XP level 7. HP: 61/61 MP: 6/6
  4438 | D:4      | Reached **** piety under Trog
  4462 | D:4      | Found a snail-covered altar of Cheibriados.
  4683 | D:4      | Noticed Blork the orc
  4690 | D:4      | Killed Blork the orc
  4760 | D:5      | Entered Level 5 of the Dungeon
  4799 | D:5      | Noticed Prince Ribbit
  4962 | D:5      | Reached skill level 8 in Axes
  5047 | D:5      | Killed Prince Ribbit
  5047 | D:5      | Reached skill level 5 in Armour
  5047 | D:5      | Reached XP level 8. HP: 46/70 MP: 7/7
  6075 | D:6      | Reached skill level 9 in Axes
  6104 | D:6      | Reached XP level 9. HP: 62/79 MP: 8/8
  6234 | D:6      | Found a staircase to the Ecumenical Temple.
  6590 | D:7      | Noticed Menkaure
  6602 | D:7      | Killed Menkaure
  6834 | D:7      | Reached skill level 10 in Axes
  6885 | D:7      | Reached skill level 5 in Dodging
  7027 | D:7      | Noticed a two-headed ogre
  7043 | D:7      | Killed a two-headed ogre
  7043 | D:7      | Reached skill level 11 in Axes
  7196 | D:7      | Reached ***** piety under Trog
  7578 | D:8      | Received a gift from Trog
  7586 | D:8      | Reached XP level 10. HP: 78/90 MP: 9/9
  8228 | D:9      | Reached skill level 12 in Axes
  8364 | D:9      | Got a jewelled ring mail
  8777 | D:10     | Entered Level 10 of the Dungeon
  8863 | D:10     | Noticed Nergalle
  8874 | D:10     | Killed Nergalle
  8874 | D:10     | Reached skill level 13 in Axes
  8980 | D:10     | Found a staircase to the Lair.
  9080 | D:10     | Reached skill level 10 in Armour
  9085 | D:10     | Noticed a two-headed ogre
  9097 | D:10     | Killed a two-headed ogre
  9097 | D:10     | Reached skill level 10 in Fighting
  9097 | D:10     | Reached XP level 11. HP: 76/99 MP: 10/10
  9278 | D:10     | Received a gift from Trog
  9427 | D:10     | Found Woofiss's Gadget Boutique.
  9467 | D:10     | Noticed a cyan ugly thing
  9468 | D:10     | Found a runed translucent gate.
  9468 | D:10     | Found a runed translucent gate.
  9469 | D:10     | Found a runed translucent gate.
  9469 | D:10     | Noticed a glowing orange brain
  9469 | D:10     | Noticed a purple ugly thing
  9470 | D:10     | Noticed a brown ugly thing
  9470 | D:10     | Noticed a purple ugly thing
  9610 | D:10     | Killed a brown ugly thing
  9611 | D:10     | Killed a purple ugly thing
  9611 | D:10     | Reached skill level 14 in Axes
  9612 | D:10     | Killed a brown ugly thing
  9635 | D:10     | Killed a glowing orange brain
  9641 | D:10     | Killed a purple ugly thing
  9644 | D:10     | Found a runed translucent gate.
  9644 | D:10     | Found a runed translucent gate.
  9645 | D:10     | Noticed an orb spider
  9646 | D:10     | Noticed Vuocosy's ghost (journeyman HaHu)
  9647 | D:10     | Found a runed translucent gate.
  9758 | D:11     | Noticed a centaur warrior
  9768 | D:11     | Killed a centaur warrior
  9796 | D:11     | Identified the +4 ring mail of Odeory {rN+ Int-3 Dex+4}
                  | (You found it on level 9 of the Dungeon)
  9826 | D:11     | Noticed a boulder beetle
  9832 | D:11     | Killed a boulder beetle
  9973 | D:11     | Reached skill level 15 in Axes
 10632 | D:12     | Found Asys's General Store.
 10652 | D:12     | Bought a scroll of identify for 30 gold pieces
 10652 | D:12     | Bought a potion of degeneration for 15 gold pieces
 10688 | D:12     | Noticed a red ugly thing
 10693 | D:12     | Killed a red ugly thing
 10693 | D:12     | Reached XP level 12. HP: 110/110 MP: 3/11
 10893 | D:12     | Found a staircase to the Orcish Mines.
 10900 | D:12     | Received a gift from Trog
 11099 | D:12     | Reached skill level 16 in Axes
 11545 | D:12     | Noticed a tengu warrior
 11561 | D:12     | Killed a tengu warrior
 11680 | D:12     | Noticed a boulder beetle
 11695 | D:12     | Killed a boulder beetle
 11959 | Lair:1   | Entered Level 1 of the Lair of Beasts
 12359 | Lair:1   | Reached skill level 17 in Axes
 12736 | Lair:1   | Reached ****** piety under Trog
 12966 | Lair:2   | Received a gift from Trog
 13336 | Lair:2   | Reached XP level 13. HP: 112/119 MP: 12/12
 13379 | Lair:2   | Found a staircase to the Shoals.
 13446 | Lair:2   | Noticed Urug
 13455 | Lair:2   | Killed Urug
 14046 | Lair:3   | Found a hole to the Spider Nest.
 14253 | Lair:3   | Found a runed translucent gate.
 14253 | Lair:3   | Found a runed translucent gate.
 14253 | Lair:3   | Found a runed translucent gate.
 14255 | Lair:3   | Found a viscous altar of Jiyva.
 14255 | Lair:3   | Noticed Ruicvywi's ghost (journeyman OgTm)
 14451 | Lair:3   | Killed Ruicvywi's ghost
 14957 | Lair:4   | Received a gift from Trog
 14963 | Lair:4   | Reached skill level 18 in Axes
 16084 | Lair:5   | Reached XP level 14. HP: 98/132 MP: 13/13
 16627 | Lair:6   | Entered Level 6 of the Lair of Beasts
 16908 | Lair:6   | Received a gift from Trog
 16924 | Lair:6   | Reached skill level 15 in Fighting
 17070 | Lair:6   | Found a runed translucent door.
 17070 | Lair:6   | Noticed Fafes's ghost (journeyman DrFE)
 17522 | Lair:6   | Found a staircase to the Slime Pits.
 17653 | Lair:6   | Reached skill level 19 in Axes
 17697 | Lair:6   | Reached skill level 10 in Dodging
 17765 | Lair:6   | HP: 6/202 [dire elephant (21)]
 17767 | Lair:6   | Demolished by a dire elephant

Illustrated notes

Levels and vault maps discovered:
D:1:      matt_arrival_spirals, layout_loops_corners
D:2:      minmay_alternating_diamond, layout_basic, uniq_crazy_yiuf_cottage
D:3:      layout_loops_corners, nicolae_overflow_quartered_altars,
          gammafunk_temple_overflow_statue, chequers_garden, corexii_shack,
          xom_teletrap_fun, uniq_robin
D:4:      layout_loops_ring, chei_slow_surprise, uniq_blork_the_orc,
          uniq_sigmund
D:5:      layout_basic, uniq_prince_ribbit1
D:6:      cheibrodos_steamvent, layout_loops_ring, temple_statues
D:7:      layout_cave_pods, minmay_chambers_of_fives, uniq_menkaure
D:8:      layout_rooms
D:9:      layout_roguey
D:10:     layout_roguey [special_room_orc], erik_lair_island, serial_shops,
          nicolae_shop_behind_doors,
          ploomutoo_gammafunk_ghost_potion_laboratory, uniq_nergalle
D:11:     layout_roguey
D:12:     four-leaf_vault, layout_irregular_city, erik_orc_4, serial_shops, shop
Lair:1:   kb_forest_paths, layout_gridlike
Lair:2:   layout_chaotic_city, shoals_dummy_entry, uniq_urug
Lair:3:   layout_chaotic_city, spider_nest_entry_a, gammafunk_ghost_ooze,
          grunt_megastairs_2
Lair:4:   lemuel_reptile_caves, layout_long_grid
Lair:5:   layout_roguey, grunt_megastairs_4, serial_bayou_shore_b
Lair:6:   due_jungle_book, layout_gridlike, dpeg_slime_entry_corner,
          gammafunk_ghost_grave

Skill      XL: |  1  2  3  4  5  6  7  8  9 10 11 12 13 14 |
---------------+-------------------------------------------+-----
Axes           | 4 5 6 7 8 9 11 13 15 17 18 19 | 19.0
Fighting       | 4 5 6 7 8 10 11 12 14 15 | 15.3
Stealth        | 1 |  1.1
Armour         | 3 4 5 7 9 10 11 13 14 | 14.4
Dodging        | 3 4 5 6 7 8 9 10 | 10.0

Action                   |  1- 3 |  4- 6 |  7- 9 | 10-12 | 13-15 || total
-------------------------+-------+-------+-------+-------+-------++-------
Melee: Hand axe          |    86 |   152 |   239 |     2 |       ||   479
       Headbutt          |    10 |    17 |    47 |   111 |   130 ||   315
       War axe           |       |       |       |   231 |   499 ||   730
       Battleaxe         |       |       |       |   379 |       ||   379
Invok: Berserk           |     2 |     3 |     7 |     5 |     6 ||    23
       Trog's Hand       |       |       |     1 |       |     1 ||     2
       Brothers in Arms  |       |       |       |     1 |     2 ||     3
  Use: Scroll            |       |     4 |     4 |     6 |     3 ||    17
 Stab: Distracted        |       |     1 |       |     1 |     1 ||     3
Armor: Animal skin       |    11 |     4 |       |       |       ||    15
       Ring mail         |       |    18 |       |       |       ||    18
       Scale mail        |       |     8 |       |       |       ||     8
       Chain mail        |       |     3 |   124 |    20 |   228 ||   375
       Plate armour      |       |       |       |   291 |    33 ||   324
Dodge: Dodged            |    59 |   113 |   106 |   275 |   245 ||   798

Table legend: (Time is in decaauts)
 A = Elapsed time spent in this place.
 B = Non-inter-level travel time spent in this place.
 C = Inter-level travel time spent in this place.
 D = Time resting spent in this place.
 E = Time spent auto-exploring this place.
 F = Levels seen in this place.
 G = Mean time per level.
                   A        B        C        D        E       F      G
               +--------+--------+--------+--------+--------+-----+--------+
         Total |  17763 |  17120 |    643 |    524 |  13535 |  18 |  986.8 |
       Dungeon |  12054 |  11488 |    566 |    306 |   9026 |  12 | 1004.5 |
          Lair |   5708 |   5631 |     77 |    218 |   4508 |   6 |  951.3 |
               +--------+--------+--------+--------+--------+-----+--------+

Top non-repeatable levels by time:
     D:2: 1697 daAuts
    D:12: 1379 daAuts
  Lair:4: 1259 daAuts
     D:1: 1259 daAuts
  Lair:6: 1119 daAuts
     D:5: 1116 daAuts
     D:3: 1024 daAuts
  Lair:1: 982 daAuts
     D:7: 926 daAuts
    D:11: 871 daAuts
    D:10: 856 daAuts
     D:4: 847 daAuts
     D:9: 830 daAuts
  Lair:5: 817 daAuts
  Lair:3: 813 daAuts
